 Dungeon Crawl Stone Soup version 0.30.0-21-gd299b56b3f (webtiles) character file.

Game seed: 6417054603059303959

1177 qw the Chopper (level 8, -2/49 HPs)
             Began as a Gargoyle Fighter on June 2, 2023.
             Slain by a gnoll
             ... wielding a +0 halberd
             ... led by a gnoll sergeant
              (10 damage)
             ... on level 5 of the Dungeon.
             The game lasted 00:01:54 (3965 turns).

qw the Chopper (Gargoyle Fighter)                   Turns: 3965, Time: 00:01:54

Health: -2/49      AC: 17    Str: 29    XL:     8   Next: 41%
Magic:  8/8        EV:  7    Int:  8    God:
Gold:   41         SH:  4    Dex:  9    Spells: 7/7 levels left

rFire   . . .        Y - +2 war axe
rCold   + . .        c - +0 buckler
rNeg    + . .        k - +0 plate armour
rPois   inf          (no helmet)
rElec   +            (no cloak)
rCorr   .            (no gloves)
SInv    .            (no boots)
Will    .....        (no amulet) Stlth
                     m - +6 ring of strength
HPRegen 0.28/turn    j - ring of protection from cold
MPRegen 0.11/turn

%: no passive effects
@: about to teleport
A: sickness immunity, AC +5, negative energy resistance 1, electricity
resistance, torment resistance 1, petrification resistance
a: no special abilities


You were on level 5 of the Dungeon.
You visited 1 branch of the dungeon, and saw 5 of its levels.

You collected 261 gold pieces.
You spent 220 gold pieces at shops.


Innate Abilities, Weirdness & Mutations

You are immune to sickness and miasma.
Your stone body is resilient. (AC +5)
You are immune to poison.
You resist negative energy. (rN+)
You are resistant to electric shocks. (rElec)
You are resistant to unholy torment.
You are immune to petrification.


   Skills:
 - Level 5.3 Fighting
 + Level 7.5 Axes
 - Level 2.2 Throwing
 - Level 4.0 Armour
 - Level 1.3 Dodging
 - Level 3.2 Shields


You had 7 spell levels left.
You didn't know any spells.
Your spell library was empty.

Inventory:

Hand Weapons
 n - a +0 flail
 o - the +3 mace "Cach" {venom, rCorr Int+3 SInv}
   (You found it on level 4 of the Dungeon)

   Int:       It affects your intelligence (+3).
   SInv:      It lets you see invisible.
   rCorr:     It protects you from acid and corrosion.
 Y - a +2 war axe (weapon)
Missiles
 i - 9 javelins (quivered)
Armour
 c - a +0 buckler (worn)
 k - a +0 plate armour (worn)
Jewellery
 b - a ring of resist corrosion
 j - a ring of protection from cold (right hand)
 l - a +6 ring of dexterity
 m - a +6 ring of strength (left hand)
Scrolls
 e - a scroll of amnesia {unknown}
 g - a scroll of identify
 h - a scroll of teleportation
Potions
 a - 3 potions of mutation
 d - 2 potions of might
 p - a potion of cancellation

Dungeon Overview and Level Annotations

Branches:
Dungeon (5/15)
 Temple: D:4-7

Altars:

Shops:
D:5 =


Message History

Items here: %% ))) [[.
Enter note: You hit the gnoll sergeant but do no damage.
You slash the orc!
You kill the orc!
The gnoll barely misses you. The gnoll hits you but does no damage.
The gnoll sergeant barely misses you.
An orc comes into view. It is wielding a +0 whip.
You slash the gnoll sergeant!
The gnoll sergeant is heavily wounded.
The gnoll hits you from afar with a +0 spear.
The gnoll hits you but does no damage.
The gnoll hits you from afar with a +0 halberd.
The gnoll sergeant hits you but does no damage.
You barely miss the gnoll sergeant.
The gnoll sergeant is heavily wounded.
The gnoll barely misses you. x2; The gnoll hits you but does no damage.
The gnoll sergeant hits you with a +0 trident.
You hit the gnoll sergeant.
The gnoll sergeant is heavily wounded.
You block the gnoll's attack. The gnoll barely misses you.
The gnoll hits you from afar with a +0 halberd.
The gnoll sergeant hits you but does no damage.
You hit the gnoll sergeant.
The gnoll sergeant is heavily wounded.
The gnoll hits you but does no damage. The gnoll barely misses you.
The gnoll sergeant hits you but does no damage.
The gnoll hits you but does no damage. You block the gnoll's attack.
The gnoll hits you from afar with a +0 halberd!
The gnoll sergeant barely misses you. The gnoll hits you but does no damage.
3964 ||| READING 2 scrolls of teleportation.
As you read the scroll of teleportation, it crumbles to dust.
You feel strangely unstable.
The gnoll barely misses you. x2; The gnoll hits you but does no damage.
The gnoll sergeant hits you with a +0 trident.
You barely miss the gnoll sergeant.
The gnoll sergeant is heavily wounded.
The gnoll hits you but does no damage.
The gnoll hits you from afar with a +0 halberd!
You die...

...........#.###.##.# #.....##
.............#......# #.).....
####.#####.#.#.#.##.###.%##...
# #.#.............##.##
#.###.#.##.###.###.# #.#
#...)......# #.# #.#
#.#.##.###.# #.# ####.###.#)#
# #.# #.# ....og)@)#.# #.#
####.g.g....# #.# #.g##.......
... ...g ........ .....
#.#.##.# ..##. #.#.# # # #
#.#.( .# ..


You could see a gnoll sergeant, 4 gnolls and an orc.

Vanquished Creatures
  Grinder (D:3)
  Sigmund (D:4)
  Menkaure (D:4)
  Blork the orc (D:5)
  A scorpion (D:4)
  A howler monkey (D:3)
  5 hounds
  4 orc priests (D:5)
  A jelly (D:4)
  4 orc wizards (D:5)
  A gnoll (D:5)
  7 adders
  A dart slug (D:1)
  10 orcs
  7 endoplasms
  9 giant cockroaches
  8 hobgoblins
  A jackal (D:2)
  4 quokkas
  6 ball pythons
  6 bats
  5 frilled lizards
  6 goblins
  5 kobolds
  6 rats
102 creatures vanquished.

Notes
Turn   | Place    | Note
-------+----------+-------------------------------------------
     0 | D:1      | qw the Gargoyle Fighter began the quest for the Orb.
     0 | D:1      | Reached XP level 1. HP: 14/14 MP: 1/1
     0 | D:1      | 0 ||| qw: Version: 0.2-a-102-gdf20003
     0 | D:1      | 0 ||| qw: Game counter: 871
     0 | D:1      | 0 ||| qw: Always use a shield: true
     0 | D:1      | 0 ||| qw: God list: Okawaru
     0 | D:1      | 0 ||| qw: Allow faded altars: false
     0 | D:1      | 0 ||| qw: Do Orc after D:15 true
     0 | D:1      | 0 ||| qw: Do second Lair branch before Depths: true
     0 | D:1      | 0 ||| qw: Lair rune preference: random
     0 | D:1      | 0 ||| qw: Plans: Normal, Zot:1-4, Slime:5, God:TSO, Crypt,
                  | Tomb, Pan, Hells, Abyss, Win
     0 | D:1      | 0 ||| PLANNING D:1-11
    34 | D:1      | Reached skill level 2 in Axes
   102 | D:1      | Found a faded altar of an unknown god.
   261 | D:1      | Reached XP level 2. HP: 19/19 MP: 2/2
   341 | D:1      | 341 ||| Stepping ~*~*~tactically~*~*~ (hiding).
   988 | D:1      | 988 ||| READING scroll labelled EVARUIN FUYGE.
   989 | D:1      | 989 ||| READING 2 scrolls labelled ETROM EH HOT.
   990 | D:1      | 990 ||| READING scroll labelled PESAFE XUAHITS.
   991 | D:1      | 991 ||| READING scroll labelled FOILEN EMPIFYN.
   995 | D:1      | 995 ||| READING scroll labelled DOTROR UJEOSOU.
  1036 | D:2      | Reached skill level 3 in Axes
  1067 | D:2      | Reached XP level 3. HP: 21/23 MP: 3/3
  1102 | D:2      | Reached skill level 1 in Throwing
  1172 | D:2      | 1172 ||| UPGRADING to ring of protection from cold.
  1273 | D:2      | 1273 ||| Stepping ~*~*~tactically~*~*~ (stealth).
  1274 | D:2      | 1274 ||| Stepping ~*~*~tactically~*~*~ (stealth).
  1390 | D:2      | 1390 ||| DRINKING 2 puce potions.
  1405 | D:2      | Reached XP level 4. HP: 27/28 MP: 4/4
  1417 | D:2      | 1417 ||| DROPPING potion of flight.
  1749 | D:2      | 1749 ||| READING 2 scrolls of identify.
  1749 | D:2      | 1749 ||| IDENTIFYING red potion
  1817 | D:3      | Reached skill level 4 in Axes
  1817 | D:3      | Reached XP level 5. HP: 31/32 MP: 5/5
  1828 | D:3      | Noticed Grinder
  1828 | D:3      | Paralysed by Grinder for 2 turns
  1834 | D:3      | Paralysed by Grinder for 3 turns
  1840 | D:3      | Paralysed by Grinder for 5 turns
  1847 | D:3      | HP: 6/32 [Grinder/nerve-wracking pain (3)]
  1848 | D:3      | 1848 ||| READING scroll of teleportation.
  1850 | D:3      | Killed Grinder
  1851 | D:3      | Reached skill level 5 in Axes
  1851 | D:3      | Reached XP level 6. HP: 7/37 MP: 6/6
  2388 | D:3      | 2388 ||| DROPPING +0 club.
  2733 | D:3      | 2733 ||| UPGRADING to +6 ring of dexterity.
  2734 | D:3      | 2734 ||| READING scroll labelled NUOROIBENG.
  2735 | D:3      | 2735 ||| READING scroll labelled MANETAT FUGHYT.
  2736 | D:3      | 2736 ||| DRINKING 2 orange potions.
  2737 | D:3      | 2737 ||| READING 3 scrolls of identify.
  2737 | D:3      | 2737 ||| IDENTIFYING blue potion
  2738 | D:3      | 2738 ||| DROPPING potion of magic.
  2809 | D:4      | Reached skill level 1 in Dodging
  2843 | D:4      | Noticed Menkaure
  2847 | D:4      | Noticed Sigmund
  2848 | D:4      | Killed Menkaure
  2849 | D:4      | Reached skill level 6 in Axes
  2849 | D:4      | Reached XP level 7. HP: 15/43 MP: 7/7
  2849 | D:4      | HP: 8/43 [something (7)]
  2850 | D:4      | 2850 ||| READING 3 scrolls of teleportation.
  2855 | D:4      | 2855 ||| READING 2 scrolls of teleportation.
  3043 | D:4      | 3043 ||| Stepping ~*~*~tactically~*~*~ (hiding).
  3044 | D:4      | 3044 ||| Stepping ~*~*~tactically~*~*~ (hiding).
  3046 | D:4      | 3046 ||| Stepping ~*~*~tactically~*~*~ (hiding).
  3047 | D:4      | 3047 ||| Stepping ~*~*~tactically~*~*~ (hiding).
  3076 | D:4      | HP: 7/43 [something (4)]
  3079 | D:4      | HP: 3/43 [something (5)]
  3084 | D:4      | Killed Sigmund
  3085 | D:4      | Reached skill level 7 in Axes
  3085 | D:4      | 3085 ||| DRINKING potion of curing.
  3085 | D:4      | 3085 ||| (to cure confusion)
  3298 | D:4      | Identified the +3 mace "Cach" {venom, rCorr Int+3 SInv}
  3690 | D:4      | 3690 ||| UPGRADING to +0 plate armour.
  3700 | D:4      | 3700 ||| DROPPING +0 scale mail.
  3701 | D:4      | 3701 ||| UPGRADING to +6 ring of strength.
  3703 | D:4      | 3703 ||| UPGRADING to ring of protection from cold.
  3705 | D:4      | 3705 ||| READING scroll labelled HICINO MEXEURO.
  3706 | D:4      | 3706 ||| READING 3 scrolls of identify.
  3706 | D:4      | 3706 ||| IDENTIFYING silvery potion
  3707 | D:4      | 3707 ||| READING 2 scrolls of identify.
  3707 | D:4      | 3707 ||| IDENTIFYING viscous coppery potion
  3708 | D:4      | 3708 ||| DROPPING potion of brilliance.
  3715 | D:5      | Entered Level 5 of the Dungeon
  3728 | D:5      | Noticed Blork the orc
  3729 | D:5      | 3729 ||| Stepping ~*~*~tactically~*~*~ (hiding).
  3736 | D:5      | Killed Blork the orc
  3737 | D:5      | Reached XP level 8. HP: 48/49 MP: 8/8
  3750 | D:5      | 3750 ||| Stepping ~*~*~tactically~*~*~ (stealth).
  3814 | D:5      | Found Aqeor's Jewellery Shop.
  3819 | D:5      | 3819 ||| SHOPLISTING amulet of guardian spirit (330 gold,
                  | have 261).
  3819 | D:5      | 3819 ||| SHOPLISTING amulet of reflection (330 gold, have
                  | 261).
  3819 | D:5      | 3819 ||| SHOPLISTING ring of fire (275 gold, have 261).
  3819 | D:5      | 3819 ||| SHOPLISTING ring of protection from cold (275
                  | gold, have 261).
  3819 | D:5      | 3819 ||| BUYING ring of resist corrosion (220 gold).
  3819 | D:5      | Bought a ring of resist corrosion for 220 gold pieces
  3926 | D:5      | 3926 ||| READING scroll of enchant weapon.
  3926 | D:5      | 3926 ||| ENCHANTING +1 war axe.
  3935 | D:5      | 3935 ||| Stepping ~*~*~tactically~*~*~ (hiding).
  3963 | D:5      | HP: 9/49 [gnoll/+0 halberd[a gnoll sergeant] (7)]
  3964 | D:5      | 3964 ||| READING 2 scrolls of teleportation.
  3965 | D:5      | Slain by a gnoll

Levels and vault maps discovered:
D:1:      dpeg_arrival_arbitrary_a, layout_basic,
          ebering_ecumenical_altar_petrified, minivault_26
D:2:      minmay_inner_zag, layout_loops_ring, serial_glass, glass_columns_c,
          glass_columns_a, minmay_strange_pillars, item_on_display_a,
          item_on_display_a, reono_crystal_passage
D:3:      layout_loops_corners, uniq_grinder
D:4:      layout_loops_ring, uniq_menkaure, uniq_sigmund
D:5:      layout_basic, jmf_multi_god_temple2, serial_shops, shop, shop,
          uniq_blork_the_orc

Skill      XL: |  1  2  3  4  5  6  7  8 |
---------------+-------------------------+-----
Axes           | 2 3 4 5 6 7 |  7.5
Throwing       | 1 2 |  2.2
Fighting       | 4 5 |  5.3
Dodging        | 1 |  1.3
Armour         | 4 |  4.0
Shields        | |  3.2

Action                     |  1- 3 |  4- 6 |  7- 9 || total
---------------------------+-------+-------+-------++-------
  Melee: War axe           |    72 |    74 |   115 ||   261
  Throw: Javelin           |    29 |    34 |    12 ||    75
    Use: Scroll            |     5 |     5 |     7 ||    17
         Potion            |     1 |     1 |     1 ||     3
 Armour: Scale mail        |    28 |    46 |    23 ||    97
         Plate armour      |       |       |    35 ||    35
  Dodge: Dodged            |    34 |    24 |    35 ||    93
  Block: Buckler           |     8 |    15 |    28 ||    51

Table legend:
 A = Non-vault XP
 B = Vault XP
 C = Vault XP percentage of total XP
 D = Non-vault monster count
 E = Vault monster count
 F = Vault count percentage of total count
                 A         B        C        D         E       F
            +---------+---------+-------+---------+---------+-------
      Total |     909 |     773 |  46.0 |      92 |      10 |   9.8
            +---------+---------+-------+---------+---------+-------
        D:1 |      28 |       0 |   0.0 |      18 |       0 |   0.0
        D:2 |      71 |      21 |  22.8 |      22 |       6 |  21.4
        D:3 |     137 |     258 |  65.3 |      18 |       1 |   5.3
        D:4 |     262 |     404 |  60.7 |      15 |       2 |  11.8
        D:5 |     411 |      90 |  18.0 |      19 |       1 |   5.0
            +---------+---------+-------+---------+---------+-------
